 Dungeon Crawl Stone Soup version 0.26.1-11-gd32895ea62 (webtiles) character file.

Game seed: 348320534000506470

1886 jlumianski the Caller (level 8, -8/36 HPs)
             Began as a Felid Summoner on May 26, 2021.
             Was an Elder of Dithmenos.
             Killed by an exploding a guardian golem (44 damage)
             ... exploding inner flame
             ... on level 9 of the Dungeon.
             The game lasted 01:07:03 (12487 turns).

jlumianski the Caller (Felid Summoner)             Turns: 12487, Time: 01:07:05

Health: -8/36      AC:  2    Str:  4    XL:     8   Next: 92%
Magic:  13/27      EV: 22    Int: 19    God:    Dithmenos [****..]
Gold:   575        SH:  0    Dex: 16    Spells: 10/19 levels left
                                        Lives:  0   Deaths: 2

rFire    . . .     SeeInvis +     - Unarmed
rCold    . . .     Faith    .   (shield unavailable)
rNeg     . . .     Spirit   .   (armour unavailable)
rPois    +         Reflect  .   (helmet unavailable)
rElec    .         Harm     .   (cloak unavailable)
rCorr    .         Rampage  .   (gloves unavailable)
Will     +....                  (boots unavailable)
Stlth    ++++......             l - amulet of regeneration
HPRegen  0.52/turn              q - ring of poison resistance
MPRegen  0.20/turn              A - ring of magical power

@: wreathed by umbra, quick
A: very small, no armour, no weapons or thrown items, stealth, claws 1, fangs 3,
see invisible, speed 1, shaggy fur 2, sharp paws
a: Renounce Religion, Shadow Step


You were on level 9 of the Dungeon.
You worshipped Dithmenos.
Dithmenos was greatly pleased with you.
You visited 1 branch of the dungeon, and saw 9 of its levels.
You also visited: Sewer.

You collected 575 gold pieces.

Inventory:

Jewellery
 f - an uncursed ring of willpower
 l - an amulet of regeneration (around neck)
 q - a ring of poison resistance (left paw)
 y - an uncursed ring of fire
 A - a ring of magical power (right paw)
Wands
 k - a wand of flame (38)
 o - a wand of disintegration (9)
 s - a wand of acid (10)
 t - a wand of iceblast (11)
 v - a wand of paralysis (14)
Scrolls
 c - a scroll of enchant armour
 i - a scroll of immolation
 m - 2 scrolls of enchant weapon
 r - 4 scrolls of teleportation
 u - 2 scrolls of amnesia
Potions
 a - 6 potions of curing
 b - 2 potions of lignification
 d - a potion of ambrosia {unknown}
 e - 3 potions of heal wounds
 g - a potion of attraction
 h - 3 potions of resistance
 j - 2 potions of might
 n - a potion of magic {unknown}
 p - 2 potions of haste
 w - a potion of cancellation {unknown}
 x - a potion of degeneration {unknown}
 z - a potion of flight {unknown}
 C - a potion of brilliance {unknown}


   Skills:
 * Level 4.1 Fighting
 * Level 6.5 Dodging
 + Level 3.7 Stealth
 * Level 4.3 Unarmed Combat
 + Level 6.4 Spellcasting
 + Level 1.2 Hexes
 + Level 7.3 Summonings
 + Level 1.0 Evocations


You had 10 spell levels left.
You knew the following spells:

 Your Spells              Type           Power        Failure   Level
a - Summon Small Mammal   Summ           100%         1%          1
b - Call Imp              Summ           33%          1%          2
c - Call Canine Familiar  Summ           33%          1%          3
d - Summon Guardian Gole  Hex/Summ       22%          5%          3

Your spell library contained the following spells:

 Spells                   Type           Power        Failure   Level
 Foxfire                  Conj/Fire      24%          11%         1
 Shock                    Conj/Air       24%          11%         1
 Sting                    Tmut/Pois      24%          11%         1
 Poisonous Vapours        Pois/Air       12%          16%         2
 Swiftness                Air            6%           16%         2
 Confusing Touch          Hex            10%          19%         3
 Summon Ice Beast         Ice/Summ       19%          24%         4
 Summon Lightning Spire   Summ/Air       19%          24%         4
 Inner Flame              Hex/Fire       8%           26%         3
 Conjure Flame            Conj/Fire      6%           32%         3
 Gell's Gravitas          Tloc           3%           32%         3
 Ignite Poison            Fire/Tmut/Pois 6%           32%         3
 Mephitic Cloud           Conj/Pois/Air  6%           32%         3
 Static Discharge         Conj/Air       6%           32%         3
 Airstrike                Air            3%           71%         4
 Olgreb's Toxic Radiance  Pois           6%           71%         4
 Petrify                  Tmut/Erth      6%           71%         4
 Sticky Flame             Conj/Fire      6%           71%         4
 Metabolic Englaciation   Hex/Ice        4%           93%         5
 Yara's Violent Unravell  Hex/Tmut       4%           93%         5
 Fireball                 Conj/Fire      3%           96%         5
 Lightning Bolt           Conj/Air       3%           96%         5


Dungeon Overview and Level Annotations

Branches:
Dungeon (9/15)             Temple (0/1) D:6           Sewer (visited)
   Lair: D:8-11         Orc: D:9-12

Altars:
Dithmenos
Nemelex Xobeh
Trog

Annotations:
D:9 2 transporters


Innate Abilities, Weirdness & Mutations

You cannot wear armour.
You are incapable of wielding weapons or throwing items.
Your paws allow you to move quietly. (Stealth)
You have sharp claws.
You have razor-sharp teeth.
You have supernaturally acute eyesight. (SInv)
You cover ground quickly.
You are covered in thick fur. (AC +2)
Your sharp claws are effective at attacking unaware monsters.


Message History

Your guardian golem overheats!
Your white imp disappears in a puff of smoke!
The ogre hits your guardian golem but does no damage.
Unknown command.
Something hits your guardian golem but does no damage.
The ogre closely misses your hound.
Your hound bites the ogre. x2
Casting: Call Canine Familiar (safe; 1% risk of failure)
Confirm with . or Enter, or press ? or * to list all spells.
A beastly little devil appears in a puff of flame.
Your hound barely misses the ogre.
The ogre hits your guardian golem with a +0 giant spiked club!
Your guardian golem explodes!
The fiery explosion engulfs your crimson imp.
Your crimson imp completely resists.
The fiery explosion engulfs the ogre!!
The ogre dies!
The fiery explosion engulfs you!!!
Ouch! That really hurt!
You die...

....# ...### ######### .....
......... ... ........ h.#
###.... ##############§# #....
#............5§############....
#.......).))$§@§...............
#....................##########
#...........########.##########
#..............................
#.........................)55..
#.########................#####
#.# #................# #.#
#.............(..##### #.#
#..................5..


You could see a friendly hound (summoned, sheltered) and a friendly crimson imp
(summoned).

Vanquished Creatures
  An ugly thing (D:6)
  A basilisk (D:6)
  A hound (D:8)
  An orc wizard (D:7)
  2 hound skeletons
  An adder (D:6)
  A river rat (Sewer)
  An adder skeleton (D:8)
  2 leopard geckos
  4 bats
  A hobgoblin (D:1)
  4 kobolds
  A frilled lizard (Sewer)
  A leopard gecko zombie (D:7)
  2 rats (Sewer)
24 creatures vanquished.

Vanquished Creatures (collateral kills)
  Erica (D:9)
  3 black bears (D:9)
  A sky beast (D:5)
  An ogre (D:7)
  A necrophage (D:8)
  An ice beast (D:8)
  2 centaurs (D:8)
  3 bullfrogs
  A big kobold (D:7)
  2 scorpions (D:8)
  4 wights (D:6)
  4 howler monkeys
  A jelly (D:5)
  6 orc priests
  11 orc wizards
  A centaur skeleton (D:4)
  A bullfrog skeleton (D:7)
  A gnoll shaman (D:5)
  6 worker ants
  3 iguanas
  A killer bee zombie (D:5)
  A hound skeleton (D:9)
  A worker ant zombie (D:7)
  7 gnolls (D:5)
  8 adders
  A shadow imp (D:9)
  2 white imps
  An ufetubus (D:7)
  An adder zombie (D:5)
  4 worms
  2 dart slugs
  2 leopard geckos
  41 orcs
  5 ball pythons
  4 bats
  2 giant cockroaches (D:2)
  5 goblins
  3 hobgoblins
  6 jackals
  12 frilled lizards
  10 kobolds
  A quokka zombie (D:8)
  10 rats
184 creatures vanquished.

Vanquished Creatures (others)
  An ogre (D:9)
  A bullfrog (D:7)
  An orc priest (D:7)
  An orc (D:7)
4 creatures vanquished.

Grand Total: 212 creatures vanquished

Notes
Turn   | Place    | Note
-------+----------+-------------------------------------------
     0 | D:1      | jlumianski the Felid Summoner began the quest for the Orb.
     0 | D:1      | Reached XP level 1. HP: 7/7 MP: 4/4
   413 | D:1      | Reached XP level 2. HP: 11/11 MP: 0/6
   416 | D:1      | Learned a level 2 spell: Call Imp
  1954 | D:2      | Reached XP level 3. HP: 14/14 MP: 0/7
  3056 | D:3      | Found a sparkling altar of Nemelex Xobeh.
  3332 | D:3      | Found a shadowy altar of Dithmenos.
  3340 | D:3      | Became a worshipper of Dithmenos the Shadowed
  3367 | D:3      | Reached XP level 4. HP: 18/18 MP: 4/9
  3822 | D:4      | Learned a level 3 spell: Call Canine Familiar
  4052 | D:4      | Found the +4 moon troll leather armour {Spirit, Regen++
                  | MP+5}
  4605 | D:4      | Reached skill level 1 in Unarmed Combat
  4846 | D:4      | Reached XP level 5. HP: 21/21 MP: 3/11
  5362 | D:4      | Reached * piety under Dithmenos
  5401 | D:4      | Reached skill level 1 in Fighting
  5401 | D:4      | Reached skill level 5 in Summonings
  5592 | D:5      | Entered Level 5 of the Dungeon
  5643 | D:5      | Killed from afar by an orc priest
  5644 | D:5      | Reached XP level 4. HP: -4/19 MP: 3/10
  5697 | D:5      | Noticed a sky beast
  5857 | D:5      | Reached XP level 5. HP: 22/22 MP: 3/11
  6680 | D:5      | Killed a sky beast
  6680 | D:5      | Reached ** piety under Dithmenos
  6681 | D:5      | Gained mutation: You are covered in thick fur. (AC +2)
                  | [Felid growth]
  6681 | D:5      | Reached XP level 6. HP: 26/26 MP: 3/13
  7350 | D:6      | Found a glowing drain.
  7375 | Sewer    | Entered a sewer
  8197 | D:6      | Reached XP level 7. HP: 30/30 MP: 9/14
  8303 | D:6      | Found a staircase to the Ecumenical Temple.
  8824 | D:6      | Noticed a white ugly thing
  8824 | D:6      | Noticed a basilisk
  8867 | D:6      | Mangled by a white ugly thing
  8868 | D:6      | Reached XP level 6. HP: -13/27 MP: 1/14
  8872 | D:6      | Learned a level 3 spell: Summon Guardian Golem
  9092 | D:6      | Killed a basilisk
  9093 | D:6      | Reached skill level 6 in Summonings
  9219 | D:6      | Killed a white ugly thing
  9220 | D:6      | Reached skill level 5 in Dodging
  9220 | D:6      | Reached skill level 5 in Spellcasting
  9220 | D:6      | Reached XP level 7. HP: 31/31 MP: 0/16
  9681 | D:7      | Reached *** piety under Dithmenos
  9682 | D:7      | Reached skill level 1 in Evocations
 10650 | D:8      | Reached XP level 8. HP: 34/34 MP: 6/17
 12103 | D:9      | Reached skill level 7 in Summonings
 12141 | D:9      | Found a bloodstained altar of Trog.
 12148 | D:9      | Found a transporter.
 12153 | D:9      | Noticed a kobold demonologist
 12154 | D:9      | Noticed an orc high priest
 12265 | D:9      | Reached skill level 1 in Hexes
 12273 | D:9      | Reached **** piety under Dithmenos
 12294 | D:9      | Noticed Erica
 12359 | D:9      | Noticed a kobold demonologist
 12360 | D:9      | Noticed an orc sorcerer
 12364 | D:9      | Found a transporter.
 12371 | D:9      | Noticed a kobold demonologist
 12461 | D:9      | Killed Erica
 12487 | D:9      | Killed by an exploding a guardian golem... exploding inner
                  | flame

Illustrated notes

Levels and vault maps discovered:
D:1:      doesnt_arrival_eight_statues, layout_basic, serial_corexii_hall,
          corexii_hall_statues_l, corexii_hall_statues_t,
          wad_floor_pattern_untrapped, chequers_serial_rivers_micro_d
D:2:      layout_loops_ring, grunt_ministairs_11
D:3:      layout_basic, lemuel_doored_altar, hangedman_feature_mirror,
          nicolae_dithmenos_shadow_blocks
D:4:      layout_loops_corners, feat_on_display
D:5:      lemuel_upstairs_altar, layout_loops_cross
D:6:      kennysheep_big_flooded_room, layout_basic, minmay_temple_entry_tees,
          cheibrodos_sewer_entry_bend
D:7:      layout_rooms
D:8:      layout_cave_pools, minmay_misc_feat_tiny, serial_park_tiny_1,
          due_unseen_surprise
D:9:      gammafunk_wand_slinger, layout_long_grid, erik_orc_1,
          trog_ov_bears_minmay, uniq_prince_ribbit1, uniq_psyche, uniq_erica

Skill      XL: |  1  2  3  4  5  6  7  8 |
---------------+-------------------------+-----
Spellcasting   | 3 4 5 6 |  6.4
Dodging        | 3 5 6 |  6.5
Unarmed Combat | 1 2 3 4 |  4.3
Fighting       | 1 3 4 |  4.1
Summonings     | 5 6 7 |  7.3
Stealth        | 3 |  3.7
Evocations     | 1 |  1.0
Hexes          | 1 |  1.2

Action                   |  1- 3 |  4- 6 |  7- 9 || total
-------------------------+-------+-------+-------++-------
Melee: Unarmed           |    19 |    21 |    45 ||    85
       Bite              |     1 |     1 |     1 ||     3
 Cast: Summon Small Mamm |    93 |    26 |    12 ||   131
       Call Imp          |    29 |    82 |    52 ||   163
       Call Canine Famil |       |    50 |    36 ||    86
       Summon Guardian G |       |       |    26 ||    26
Evoke: Wand              |       |     7 |       ||     7
  Use: Scroll            |     3 |     9 |     4 ||    16
       Potion            |     2 |     2 |     4 ||     8
 Stab: Sleeping          |     9 |     5 |     7 ||    21
       Distracted        |       |       |     1 ||     1
Armor: Skin              |     1 |     2 |     3 ||     6
Dodge: Dodged            |    27 |    68 |   113 ||   208
